General information
- name: BNet
- type: Ladder team game (AT/RT)
- host: Battle.net
- saver: WorldsNotEnough
map: DragonFalls
- players: 8
- length: 55:31
- speed: Fast
- version: 1.27 W3XP
- replay type: Public
» download(372 KB)
Players
team 1 (winner)

»
The-NoOb-StraTT (
red | 138 APM | 2697 actions | 19:32)
5 Death Knight
3 Death Coil
2 Unholy Aura
2 Lich
1 Frost Nova
1 Frost Armor
» actions
| Assign group hotkey | 38 | |
| Basic commands | 300 | |
| Build / train | 96 | |
| ESC pressed | 3 | |
| Enter build submenu | 21 | |
| Enter hero's abilities submenu | 7 | |
| Give item / drop item | 3 | |
| Right click | 1431 | |
| Select / deselect | 285 | |
| Select group hotkey | 404 | |
| Use ability | 109 | |
2697 total
» units
| Acolyte | 23 | |
| Ghoul | 9 | |
| Crypt Fiend | 13 | |
| Furbolg Shaman | 8 | |
| Goblin Zeppelin | 4 | |
| Frost Wyrm | 3 | |
| Satyr Shadowdancer | 3 | |
63 total
» upgrades
| Creature Attack | 1 | |
| Creature Carapace | 1 | |
| Web | 1 | |
| Burrow | 1 | |
| Freezing Breath | 1 | |
5 total
» buildings
| Graveyard | 1 | |
| Crypt | 1 | |
| Ziggurat | 6 | |
| Altar of Darkness | 1 | |
| Tomb of Relics | 1 | |
| Nerubian Tower | 2 | |
| Necropolis | 1 | |
| Halls of the Dead | 1 | |
| Black Citadel | 1 | |
| Sacrificial Pit | 1 | |
| Boneyard | 2 | |
| Slaughterhouse | 1 | |
| Spirit Tower | 2 | |
21 total
» build order
00:10 Graveyard
00:14 Crypt
00:39 Ziggurat
00:59 Altar of Darkness
01:13 Ziggurat
01:57 Tomb of Relics
02:13 Nerubian Tower
04:46 Necropolis
05:46 Halls of the Dead
06:12 Ziggurat
08:36 Black Citadel
09:40 Ziggurat
10:53 Sacrificial Pit
11:47 Boneyard
12:24 Boneyard
13:03 Ziggurat
13:07 Ziggurat
13:14 Slaughterhouse
13:54 Nerubian Tower
14:09 Spirit Tower
14:10 Spirit Tower
» items
| Rod of Necromancy | 3 | |
| Sacrificial Skull | 1 | |
| Healing Salve | 1 | |
| Orb of Corruption | 1 | |
| Scroll of Town Portal | 1 | |
| Potion of Healing | 2 | |
| Potion of Mana | 1 | |
| Scroll of Healing | 2 | |
| Dust of Appearance | 1 | |
13 total

»
SuSu (
teal | 198 APM | 3895 actions | 19:38)
5 Demon Hunter
3 Mana Burn
2 Evasion
» actions
| Assign group hotkey | 60 | |
| Basic commands | 113 | |
| Build / train | 81 | |
| ESC pressed | 5 | |
| Enter build submenu | 21 | |
| Enter hero's abilities submenu | 5 | |
| Give item / drop item | 7 | |
| Right click | 740 | |
| Select / deselect | 781 | |
| Select group hotkey | 1949 | |
| Use ability | 132 | |
3895 total
» units
| Wisp | 28 | |
| Archer | 3 | |
| Huntress | 4 | |
| Faerie Dragon | 1 | |
| Hippogryph | 7 | |
| Thunder Lizard | 1 | |
| Furbolg Shaman | 1 | |
| Goblin Zeppelin | 1 | |
| Green Dragon Whelp | 1 | |
| Chimaera | 2 | |
| Green Drake | 1 | |
| Goblin Shredder | 2 | |
52 total
» upgrades
| Ultravision | 1 | |
| Reinforced Hides | 2 | |
| Strength of the Wild | 1 | |
| Nature's Blessing | 1 | |
| Corrosive Breath | 1 | |
6 total
» buildings
| Altar of Elders | 3 | |
| Moon Well | 6 | |
| Ancient of War | 1 | |
| Tree of Life | 3 | |
| Hunter's Hall | 1 | |
| Tree of Ages | 2 | |
| Ancient of Wonders | 1 | |
| Ancient of Wind | 1 | |
| Tree of Eternity | 2 | |
| Ancient Protector | 6 | |
| Chimaera Roost | 1 | |
27 total
» build order
00:06 Altar of Elders
00:08 Altar of Elders
00:18 Moon Well
00:25 Ancient of War
01:42 Moon Well
02:42 Moon Well
03:38 Tree of Life
03:48 Tree of Life
04:00 Hunter's Hall
04:24 Tree of Ages
04:31 Ancient of Wonders
06:49 Ancient of Wind
07:38 Tree of Eternity
08:35 Ancient Protector
08:38 Ancient Protector
09:00 Moon Well
10:21 Chimaera Roost
10:44 Moon Well
11:04 Moon Well
11:11 Ancient Protector
11:11 Ancient Protector
11:11 Ancient Protector
13:10 Tree of Life
18:19 Altar of Elders
» items
| Staff of Preservation | 1 | |
| Moonstone | 1 | |
| Dust of Appearance | 1 | |
| Anti-magic Potion | 2 | |
| Scroll of Town Portal | 2 | |
| Orb of Venom | 1 | |
| Potion of Healing | 1 | |
9 total
WailAtTheMoon (
blue | 102 APM | 5671 actions | 55:31)
9 Archmage
3 Summon Water Elemental
3 Brilliance Aura
1 Mass Teleport
2 Blizzard
7 Mountain King
3 Storm Bolt
3 Bash
1 Avatar
» actions
| Assign group hotkey | 154 | |
| Basic commands | 105 | |
| Build / train | 268 | |
| ESC pressed | 3 | |
| Enter build submenu | 75 | |
| Enter hero's abilities submenu | 16 | |
| Give item / drop item | 10 | |
| Remove unit from queue | 5 | |
| Right click | 2212 | |
| Select / deselect | 753 | |
| Select group hotkey | 1648 | |
| Use ability | 422 | |
5671 total
» units
| Peasant | 18 | |
| Footman | 8 | |
| Goblin Shredder | 8 | |
| Dragonhawk Rider | 8 | |
| Gryphon Rider | 10 | |
| Goblin Zeppelin | 6 | |
58 total
» upgrades
| Masonry | 3 | |
| Lumber Harvesting | 1 | |
| Swords | 3 | |
| Armor | 3 | |
| Animal War Training | 1 | |
| Storm Hammers | 1 | |
| Cloud | 1 | |
| Magic Sentry | 1 | |
14 total
» buildings
| Altar of Kings | 1 | |
| Barracks | 1 | |
| Farm | 12 | |
| Arcane Vault | 2 | |
| Scout Tower | 42 | |
| Keep | 5 | |
| Arcane Tower | 13 | |
| Blacksmith | 2 | |
| Lumber Mill | 2 | |
| Town Hall | 4 | |
| Guard Tower | 66 | |
| Gryphon Aviary | 3 | |
| Castle | 4 | |
| Workshop | 1 | |
| Cannon Tower | 26 | |
| Arcane Sanctum | 1 | |
| Necropolis | 1 | |
186 total
» build order
00:37 Altar of Kings
00:38 Barracks
00:49 Farm
01:04 Farm
01:44 Farm
02:02 Arcane Vault
02:11 Farm
03:35 Scout Tower
03:38 Scout Tower
03:40 Keep
03:40 Keep
04:05 Arcane Tower
04:06 Arcane Tower
04:06 Arcane Tower
04:39 Blacksmith
04:45 Lumber Mill
05:27 Town Hall
05:28 Scout Tower
05:29 Scout Tower
05:30 Scout Tower
05:36 Scout Tower
05:38 Scout Tower
05:39 Scout Tower
06:34 Arcane Tower
06:34 Guard Tower
06:35 Guard Tower
06:35 Guard Tower
07:12 Guard Tower
07:13 Guard Tower
07:42 Guard Tower
07:42 Guard Tower
07:42 Guard Tower
07:55 Guard Tower
07:55 Guard Tower
07:55 Guard Tower
08:58 Gryphon Aviary
10:13 Guard Tower
10:48 Castle
10:48 Castle
10:49 Castle
11:07 Gryphon Aviary
11:37 Gryphon Aviary
11:43 Farm
13:49 Scout Tower
13:49 Scout Tower
13:50 Scout Tower
13:51 Scout Tower
13:55 Scout Tower
14:40 Scout Tower
14:46 Scout Tower
14:51 Scout Tower
14:54 Scout Tower
14:57 Guard Tower
14:57 Guard Tower
14:58 Guard Tower
15:12 Guard Tower
15:18 Guard Tower
15:18 Guard Tower
15:18 Guard Tower
15:37 Guard Tower
15:38 Farm
16:14 Farm
16:21 Guard Tower
16:48 Scout Tower
16:49 Farm
17:30 Guard Tower
17:30 Guard Tower
17:33 Scout Tower
17:34 Scout Tower
17:35 Scout Tower
17:37 Scout Tower
17:37 Scout Tower
17:41 Scout Tower
17:44 Scout Tower
17:53 Farm
17:54 Farm
17:55 Farm
18:00 Farm
18:03 Guard Tower
18:04 Guard Tower
18:05 Guard Tower
18:05 Guard Tower
18:06 Guard Tower
18:07 Guard Tower
18:08 Guard Tower
18:08 Guard Tower
18:08 Guard Tower
18:19 Guard Tower
18:19 Guard Tower
18:19 Guard Tower
18:20 Guard Tower
18:43 Guard Tower
18:43 Guard Tower
18:43 Guard Tower
20:45 Workshop
21:58 Scout Tower
21:59 Scout Tower
22:01 Scout Tower
22:13 Scout Tower
22:15 Scout Tower
22:18 Scout Tower
22:21 Scout Tower
22:47 Cannon Tower
22:47 Cannon Tower
22:48 Cannon Tower
23:18 Cannon Tower
23:20 Cannon Tower
23:21 Cannon Tower
23:21 Cannon Tower
23:26 Cannon Tower
23:27 Cannon Tower
23:27 Cannon Tower
24:01 Cannon Tower
25:51 Cannon Tower
25:52 Cannon Tower
25:52 Cannon Tower
25:52 Cannon Tower
25:56 Cannon Tower
25:57 Cannon Tower
25:57 Cannon Tower
26:53 Lumber Mill
28:54 Keep
28:54 Keep
31:21 Arcane Vault
31:35 Town Hall
31:37 Scout Tower
31:39 Scout Tower
31:40 Scout Tower
31:41 Scout Tower
32:15 Guard Tower
32:16 Guard Tower
35:20 Guard Tower
35:21 Guard Tower
35:21 Guard Tower
35:21 Guard Tower
37:46 Blacksmith
37:50 Scout Tower
37:56 Scout Tower
38:03 Scout Tower
38:25 Guard Tower
38:26 Guard Tower
38:26 Guard Tower
38:26 Guard Tower
38:31 Arcane Tower
38:32 Arcane Tower
38:32 Arcane Tower
44:57 Town Hall
45:12 Scout Tower
45:13 Scout Tower
45:43 Guard Tower
45:45 Arcane Tower
48:27 Arcane Sanctum
49:26 Town Hall
51:49 Scout Tower
52:15 Arcane Tower
52:15 Arcane Tower
52:15 Arcane Tower
53:44 Necropolis
» items
| Scroll of Regeneration | 12 | |
| Staff of Teleportation | 1 | |
| Mechanical Critter | 3 | |
| Ivory Tower | 5 | |
| Scroll of Town Portal | 7 | |
| Staff of Sanctuary | 2 | |
| Potion of Healing | 4 | |
| Potion of Lesser Invulnerability | 1 | |
| Boots of Speed | 1 | |
| Periapt of Vitality | 1 | |
37 total

»
FixMacBugs (
green | 36 APM | 787 actions | 21:39)
4 Blademaster
2 Wind Walk
2 Critical Strike
» actions
| Assign group hotkey | 11 | |
| Basic commands | 2 | |
| Build / train | 70 | |
| Enter build submenu | 17 | |
| Enter hero's abilities submenu | 4 | |
| Give item / drop item | 1 | |
| Remove unit from queue | 7 | |
| Right click | 379 | |
| Select / deselect | 202 | |
| Select group hotkey | 38 | |
| Use ability | 56 | |
787 total
» units
| Peon | 11 | |
| Grunt | 6 | |
| Troll Headhunter/Berserker | 3 | |
| Wind Rider | 5 | |
| Troll Batrider | 4 | |
| Satyr Shadowdancer | 1 | |
| Demolisher | 1 | |
| Spirit Walker | 1 | |
| Troll Witch Doctor | 1 | |
33 total
» upgrades
| Spiked Barricades | 2 | |
| Armor | 4 | |
| Berserker Strength | 1 | |
| Envenomed Spears | 1 | |
| Ranged Weapons | 1 | |
| Liquid Fire | 1 | |
10 total
» buildings
| Altar of Storms | 1 | |
| Orc Burrow | 7 | |
| Barracks | 1 | |
| Voodoo Lounge | 1 | |
| War Mill | 1 | |
| Stronghold | 1 | |
| Watch Tower | 2 | |
| Beastiary | 1 | |
| Fortress | 1 | |
| Spirit Lodge | 1 | |
17 total
» build order
00:06 Altar of Storms
00:08 Orc Burrow
00:34 Barracks
01:20 Voodoo Lounge
01:59 Orc Burrow
02:22 War Mill
04:19 Stronghold
05:34 Watch Tower
05:41 Orc Burrow
06:23 Orc Burrow
06:28 Watch Tower
08:15 Beastiary
10:16 Fortress
15:52 Orc Burrow
15:54 Orc Burrow
15:56 Orc Burrow
16:57 Spirit Lodge
» items
| Lesser Clarity Potion | 5 | |
| Scroll of Speed | 1 | |
| Boots of Speed | 1 | |
| Dust of Appearance | 1 | |
| Potion of Healing | 2 | |
| Orb of Lightning | 1 | |
| Potion of Mana | 2 | |
13 total
team 2 (loser)

»
Legendary (
orange | 91 APM | 3798 actions | 41:52)
6 Demon Hunter
3 Mana Burn
2 Evasion
1 Metamorphosis
5 Priestess of the Moon
2 Searing Arrows
3 Trueshot Aura
» actions
| Assign group hotkey | 66 | |
| Basic commands | 286 | |
| Build / train | 159 | |
| ESC pressed | 21 | |
| Enter build submenu | 32 | |
| Enter hero's abilities submenu | 12 | |
| Give item / drop item | 4 | |
| Remove unit from queue | 3 | |
| Right click | 1599 | |
| Select / deselect | 871 | |
| Select group hotkey | 560 | |
| Use ability | 184 | |
3798 total
» units
| Wisp | 28 | |
| Archer | 3 | |
| Hippogryph | 39 | |
| Druid of the Claw | 6 | |
| Goblin Shredder | 2 | |
| Dryad | 13 | |
| Chimaera | 10 | |
101 total
» upgrades
| Hippogryph Taming | 1 | |
| Strength of the Wild | 3 | |
| Druid of the Claw Training | 2 | |
| Reinforced Hides | 3 | |
| Mark of the Claw | 1 | |
| Nature's Blessing | 1 | |
| Abolish Magic | 1 | |
| Corrosive Breath | 1 | |
| Well Spring | 1 | |
| Ultravision | 1 | |
| Strength of the Moon | 2 | |
| Moon Armor | 1 | |
18 total
» buildings
| Altar of Elders | 5 | |
| Moon Well | 9 | |
| Ancient of War | 1 | |
| Ancient of Wonders | 1 | |
| Tree of Ages | 2 | |
| Hunter's Hall | 1 | |
| Tree of Life | 5 | |
| Ancient Protector | 4 | |
| Ancient of Wind | 1 | |
| Tree of Eternity | 4 | |
| Ancient of Lore | 1 | |
| Chimaera Roost | 1 | |
35 total
» build order
00:10 Altar of Elders
00:12 Moon Well
00:48 Ancient of War
01:33 Moon Well
01:47 Ancient of Wonders
03:03 Tree of Ages
03:41 Hunter's Hall
04:15 Moon Well
04:18 Moon Well
05:36 Tree of Life
05:38 Ancient Protector
05:46 Ancient of Wind
06:20 Tree of Eternity
06:20 Tree of Eternity
06:20 Tree of Eternity
06:34 Ancient of Lore
10:12 Ancient Protector
10:13 Ancient Protector
10:51 Ancient Protector
11:37 Moon Well
11:39 Moon Well
12:52 Chimaera Roost
15:13 Tree of Life
21:59 Moon Well
24:59 Tree of Life
25:00 Tree of Life
34:57 Altar of Elders
34:58 Altar of Elders
35:27 Moon Well
35:28 Moon Well
36:28 Tree of Life
36:30 Altar of Elders
37:00 Altar of Elders
» items
| Orb of Venom | 2 | |
| Staff of Preservation | 1 | |
| Scroll of Town Portal | 2 | |
| Scroll of Protection | 1 | |
| Scroll of Healing | 1 | |
| Scroll of Regeneration | 1 | |
| Orb of Lightning | 1 | |
| Scroll of Speed | 1 | |
| Lesser Clarity Potion | 1 | |
| Staff of Teleportation | 1 | |
12 total
Turtle_Focker (
purple | 24 APM | 1169 actions | 48:56)
6 Blademaster
3 Wind Walk
2 Critical Strike
1 Bladestorm
» actions
| Basic commands | 36 | |
| Build / train | 63 | |
| Enter build submenu | 25 | |
| Enter hero's abilities submenu | 6 | |
| Give item / drop item | 3 | |
| Remove unit from queue | 1 | |
| Right click | 643 | |
| Select / deselect | 292 | |
| Use ability | 99 | |
1169 total
» units
» upgrades
| Melee Weapons | 2 | |
| Armor | 2 | |
| Pulverize | 1 | |
5 total
» buildings
| Altar of Storms | 1 | |
| Orc Burrow | 13 | |
| Barracks | 1 | |
| War Mill | 1 | |
| Voodoo Lounge | 1 | |
| Stronghold | 1 | |
| Watch Tower | 4 | |
| Fortress | 1 | |
| Tauren Totem | 2 | |
25 total
» build order
00:12 Altar of Storms
00:15 Orc Burrow
01:24 Barracks
01:41 Orc Burrow
01:51 Orc Burrow
02:00 War Mill
02:17 Voodoo Lounge
02:52 Orc Burrow
03:54 Stronghold
04:13 Watch Tower
04:18 Watch Tower
05:26 Watch Tower
06:08 Watch Tower
06:19 Fortress
08:27 Orc Burrow
08:56 Tauren Totem
08:59 Tauren Totem
09:44 Orc Burrow
11:30 Orc Burrow
11:35 Orc Burrow
14:57 Orc Burrow
17:22 Orc Burrow
18:07 Orc Burrow
18:56 Orc Burrow
19:01 Orc Burrow
» items
| Healing Salve | 8 | |
| Lesser Clarity Potion | 5 | |
| Orb of Lightning | 1 | |
| Scroll of Town Portal | 5 | |
| Potion of Healing | 3 | |
| Tiny Great Hall | 2 | |
| Boots of Speed | 1 | |
| Potion of Mana | 1 | |
26 total
WorldsNotEnough (
yellow | 55 APM | 3048 actions | 55:31)
6 Blademaster
3 Wind Walk
2 Critical Strike
1 Bladestorm
» actions
| Assign group hotkey | 85 | |
| Basic commands | 370 | |
| Build / train | 114 | |
| Enter build submenu | 58 | |
| Enter hero's abilities submenu | 6 | |
| Give item / drop item | 6 | |
| Remove unit from queue | 1 | |
| Right click | 1095 | |
| Select / deselect | 624 | |
| Select group hotkey | 387 | |
| Use ability | 302 | |
3048 total
» units
| Peon | 11 | |
| Grunt | 6 | |
| Goblin Shredder | 4 | |
| Goblin Zeppelin | 13 | |
| Troll Batrider | 10 | |
| Wind Rider | 6 | |
| Green Dragon | 4 | |
| Goblin Sapper | 18 | |
72 total
» upgrades
| Armor | 4 | |
| Reinforced Defenses | 1 | |
| Troll Regeneration | 1 | |
| Liquid Fire | 1 | |
| Ranged Weapons | 3 | |
| Envenomed Spears | 1 | |
11 total
» buildings
| Orc Burrow | 8 | |
| Altar of Storms | 2 | |
| Barracks | 1 | |
| Voodoo Lounge | 3 | |
| War Mill | 2 | |
| Great Hall | 5 | |
| Stronghold | 1 | |
| Watch Tower | 32 | |
| Fortress | 1 | |
| Beastiary | 4 | |
59 total
» build order
00:13 Orc Burrow
00:50 Altar of Storms
00:51 Barracks
01:05 Orc Burrow
01:48 Voodoo Lounge
02:25 War Mill
04:08 Great Hall
04:20 Great Hall
04:31 Orc Burrow
04:46 Stronghold
06:33 Orc Burrow
06:46 Watch Tower
06:46 Watch Tower
06:47 Watch Tower
06:47 Watch Tower
07:52 Watch Tower
07:54 Watch Tower
08:06 Watch Tower
08:06 Watch Tower
08:07 Watch Tower
08:08 Watch Tower
08:08 Watch Tower
08:17 Fortress
09:21 Beastiary
09:22 Beastiary
09:24 Beastiary
16:48 War Mill
18:13 Beastiary
18:51 Watch Tower
18:51 Watch Tower
18:52 Watch Tower
18:52 Watch Tower
22:43 Great Hall
24:02 Orc Burrow
24:05 Orc Burrow
24:08 Orc Burrow
24:12 Orc Burrow
25:24 Watch Tower
25:25 Watch Tower
25:25 Watch Tower
25:25 Watch Tower
25:26 Watch Tower
25:26 Watch Tower
25:30 Voodoo Lounge
27:03 Great Hall
27:52 Watch Tower
31:13 Watch Tower
31:13 Watch Tower
33:33 Great Hall
33:36 Watch Tower
33:36 Watch Tower
33:37 Watch Tower
34:02 Watch Tower
34:04 Watch Tower
34:06 Watch Tower
34:07 Watch Tower
34:10 Voodoo Lounge
39:37 Altar of Storms
» items
| Healing Salve | 3 | |
| Lesser Clarity Potion | 3 | |
| Potion of Mana | 4 | |
| Orb of Lightning | 1 | |
| Scroll of Town Portal | 3 | |
| Potion of Healing | 3 | |
| Periapt of Vitality | 2 | |
| Staff of Teleportation | 1 | |
| Potion of Lesser Invulnerability | 1 | |
21 total

»
Bumba (
pink | 67 APM | 3654 actions | 54:27)
6 Mountain King
3 Storm Bolt
2 Bash
1 Avatar
5 Paladin
3 Holy Light
2 Divine Shield
» actions
| Assign group hotkey | 96 | |
| Basic commands | 54 | |
| Build / train | 160 | |
| ESC pressed | 7 | |
| Enter build submenu | 36 | |
| Enter hero's abilities submenu | 12 | |
| Give item / drop item | 2 | |
| Remove unit from queue | 4 | |
| Right click | 1199 | |
| Select / deselect | 546 | |
| Select group hotkey | 1393 | |
| Use ability | 145 | |
3654 total
» units
| Peasant | 42 | |
| Rifleman | 8 | |
| Knight | 10 | |
| Siege Engine | 10 | |
| Flying Machine | 28 | |
98 total
» upgrades
| Lumber Harvesting | 1 | |
| Gunpowder | 3 | |
| Masonry | 1 | |
| Long Rifles | 1 | |
| Barrage | 1 | |
| Animal War Training | 1 | |
| Plating | 3 | |
| Swords | 1 | |
12 total
» buildings
| Farm | 14 | |
| Barracks | 1 | |
| Blacksmith | 1 | |
| Altar of Kings | 1 | |
| Scout Tower | 7 | |
| Keep | 3 | |
| Arcane Tower | 3 | |
| Town Hall | 3 | |
| Lumber Mill | 2 | |
| Arcane Vault | 2 | |
| Castle | 2 | |
| Guard Tower | 2 | |
| Workshop | 2 | |
43 total
» build order
00:08 Farm
01:10 Barracks
01:15 Blacksmith
01:23 Altar of Kings
01:37 Farm
02:01 Farm
02:07 Farm
03:00 Farm
03:15 Scout Tower
04:27 Keep
04:28 Arcane Tower
05:34 Town Hall
05:37 Scout Tower
06:03 Lumber Mill
06:24 Scout Tower
06:26 Arcane Tower
06:57 Arcane Tower
08:00 Arcane Vault
08:58 Castle
09:07 Arcane Vault
09:46 Scout Tower
09:55 Scout Tower
10:20 Guard Tower
10:33 Scout Tower
10:41 Scout Tower
10:48 Guard Tower
13:01 Workshop
15:15 Workshop
15:49 Farm
15:50 Farm
18:40 Farm
18:44 Farm
19:25 Farm
20:28 Lumber Mill
26:24 Farm
26:26 Farm
26:28 Farm
26:30 Farm
27:06 Town Hall
36:29 Keep
38:17 Town Hall
39:57 Castle
40:50 Keep
» items
| Potion of Healing | 4 | |
| Potion of Mana | 3 | |
| Healing Salve | 1 | |
| Scroll of Town Portal | 4 | |
| Lesser Clarity Potion | 2 | |
| Scroll of Regeneration | 2 | |
| Staff of Sanctuary | 1 | |
| Scroll of Protection | 1 | |
| Potion of Lesser Invulnerability | 2 | |
| Periapt of Vitality | 1 | |
| Boots of Speed | 1 | |
| Potion of Invisibility | 1 | |
| Dust of Appearance | 1 | |
24 total
Chat log
(00:39 / Allies) Legendary: holy jesus
(01:10 / Allies) Legendary: sugar is a lethal substance I think
(01:20 / Allies) WorldsNotEnough: sure so is water
(01:51 / Allies) Legendary: you make a great point yellow
(02:03 / Allies) Legendary: heard some scary things about water
(03:23 / Allies) Legendary: damn purple
(03:31 / All) Legendary: big plays by purple
(06:37 / Allies) Bumba: red
(07:42 / Allies) WorldsNotEnough: out
(07:44 / Allies) Bumba: im out
(08:13 / Allies) Turtle_Focker: b
(09:46 / Allies) WorldsNotEnough: lumber real quick
(10:04 / Allies) Bumba: zep
(10:09 / All) WorldsNotEnough: mher
(10:12 / All) WorldsNotEnough: fucking mh
(10:13 / All) FixMacBugs: lol nope
(10:16 / All) WorldsNotEnough: lol yep
(10:33 / All) WorldsNotEnough: I got creepjacked and red came for my shreddar
(10:35 / All) FixMacBugs: no idiot ur wrong
(10:36 / All) WorldsNotEnough: fucking mhers
(10:36 / Allies) Turtle_Focker: gewt tombs
(10:39 / All) WorldsNotEnough: who hyas mher on your team?
(10:43 / All) FixMacBugs: fuck u whiny idiot bitch'
(10:49 / All) FixMacBugs: i play fair
(10:57 / All) FixMacBugs: omg i got killed by lucky bm
(10:59 / All) FixMacBugs: he must cheat
(11:01 / All) FixMacBugs: be a bitch
(12:00 / Allies) Turtle_Focker: tp.
(12:06 / Allies) WorldsNotEnough: I got creepjacked
(12:10 / Allies) Legendary: where
(12:11 / Allies) Legendary: is
(12:18 / Allies) Turtle_Focker: help him
(12:20 / Allies) Turtle_Focker: now
(12:28 / Allies) Turtle_Focker: oj tp
(14:25 / Allies) Legendary: omw
(16:46 / Allies) Bumba: wood plz
(16:46 / Allies) Bumba: 100
(17:30 / Allies) Bumba: main
(17:54 / All) WorldsNotEnough: auto web is complete bs
(19:41 / Allies) Turtle_Focker: b
(19:42 / Allies) Turtle_Focker: b
(19:42 / Allies) Turtle_Focker: b
(19:46 / Allies) Turtle_Focker: skip
(19:48 / Allies) Turtle_Focker: skip him
(19:52 / Allies) Bumba: going down
(19:53 / Allies) Bumba: and around
(19:54 / All) Legendary: what a base
(19:55 / All) Legendary: lo
(19:56 / Allies) Bumba: to green maybe
(21:16 / All) WorldsNotEnough: get raped noob
(21:25 / All) Turtle_Focker: me?
(21:27 / All) Turtle_Focker: i lost no units lol
(21:28 / Allies) WorldsNotEnough: lumber
(21:29 / Allies) WorldsNotEnough: green
(21:34 / All) WailAtTheMoon: no one is talking to you retard
(21:35 / Allies) Turtle_Focker: oh lol
(21:40 / All) WailAtTheMoon: are you autistic? you seem to have comprehension skills
(21:41 / All) WailAtTheMoon: issues
(21:45 / All) Turtle_Focker: "lol
(21:47 / All) Turtle_Focker: your mad
(21:51 / All) WailAtTheMoon: no
(21:52 / All) WorldsNotEnough: sup noobie green
(21:55 / All) WailAtTheMoon: just calling it how I see it
(23:00 / Allies) Legendary: drink up my friendly tauren
(23:13 / Allies) Turtle_Focker: will do lol
(23:21 / Allies) Turtle_Focker: pretty sure we got this
(23:25 / Allies) Turtle_Focker: even without healing
(23:49 / Allies) Turtle_Focker: we need mortars or something for blue
(23:52 / Allies) Turtle_Focker: tower noob
(24:14 / Allies) Turtle_Focker: aa
(24:29 / Allies) Turtle_Focker: b oj
(25:18 / All) WailAtTheMoon: lol
(25:20 / Allies) Turtle_Focker: that was stupid guys
(25:22 / Allies) Turtle_Focker: dont do that
(25:35 / All) Legendary: we needed
(25:36 / All) Legendary: that meat
(25:52 / All) Legendary: lazy meat off all my moon juice hiding in the forest
(25:59 / All) Legendary: no courage to fight :'(
(26:08 / All) Legendary: fed about 12 of u beasts
(26:14 / Allies) Turtle_Focker: someone get aa
(26:19 / Allies) Turtle_Focker: for the love of god
(27:10 / All) WailAtTheMoon: LOL unupgraded burrows
(27:14 / Allies) Turtle_Focker: pink
(27:22 / Allies) Turtle_Focker: pink tp
(27:24 / Allies) Turtle_Focker: wtf
(27:35 / Allies) Turtle_Focker: ty
(27:49 / Allies) Turtle_Focker: k lets hit
(27:54 / All) Legendary: y killing me expo
(28:50 / Allies) Legendary: chair
(28:52 / Allies) Legendary: charge*
(28:56 / Allies) Bumba: sec
(28:58 / Allies) Turtle_Focker: wait for all
(29:00 / Allies) Bumba: all my tanks need to get here
(29:05 / Allies) Turtle_Focker: tranks first
(29:10 / Allies) Turtle_Focker: then me
(29:17 / Allies) Bumba: k lets go
(30:28 / All) WorldsNotEnough: tk
(30:35 / Allies) Legendary: bring it
(30:38 / Allies) Turtle_Focker: lol why
(30:40 / Allies) WorldsNotEnough: fuck u tk
(30:41 / Allies) Turtle_Focker: no dont
(30:46 / Allies) WorldsNotEnough: he killed my towers
(30:48 / Allies) Turtle_Focker: blue is still strong
(30:54 / Allies) Turtle_Focker: he actually can win
(30:56 / Allies) WorldsNotEnough: whats your problem
(30:57 / Allies) Turtle_Focker: plz dont be retarded
(31:11 / Allies) Turtle_Focker: gold plz
(31:12 / Allies) Legendary: yellow tk
(31:13 / Allies) Legendary: lol
(31:40 / Allies) Turtle_Focker: gold plz
(31:52 / Allies) Turtle_Focker: ty
(32:18 / Allies) Turtle_Focker: yellow why
(32:23 / Allies) WorldsNotEnough: he attacked me first
(32:27 / Allies) Legendary: lol
(32:28 / Allies) Turtle_Focker: ok stop
(32:31 / Allies) Turtle_Focker: just win lol
(32:32 / Allies) Legendary: yellow big nub
(32:42 / Allies) Turtle_Focker: guys blue is going to win now
(32:45 / Allies) Bumba: wood plz
(33:06 / Allies) Bumba: thx
(33:53 / Allies) Legendary: pink
(33:57 / Allies) Legendary: kill yellows wyven pls
(33:57 / Allies) Turtle_Focker: guys his heros are pretty good
(34:00 / Allies) Turtle_Focker: we need to end this
(34:02 / Allies) Bumba: no
(34:21 / Allies) Legendary: k
(34:22 / Allies) Legendary: gg
(34:37 / Allies) Turtle_Focker: yellow
(34:38 / Allies) Turtle_Focker: lol
(34:39 / Allies) Turtle_Focker: stop
(34:41 / Allies) Turtle_Focker: this is ridic
(34:47 / Allies) Turtle_Focker: we should have won ages ago
(34:59 / Allies) WorldsNotEnough: orange is a punk
(35:02 / Allies) Legendary: kill his air
(35:04 / Allies) Legendary: u nubs
(36:30 / Allies) Turtle_Focker: pink hit his excpo
(36:38 / Allies) Bumba: i dont have bombs cuz he took my castle
(36:43 / Allies) Turtle_Focker: ah shit
(36:50 / Allies) Bumba: we can take it tho i think
(36:52 / Allies) Turtle_Focker: and il hit it
(37:35 / Allies) Legendary: jealous
(37:38 / Allies) Legendary: of my skills
(37:40 / Allies) Legendary: is all
(37:46 / Allies) WorldsNotEnough: you attacked me first cuh
(37:59 / Allies) Legendary: cuh u all over my potm like hot rice
(38:52 / Allies) Legendary: use my wells ur bm needs hp
(39:03 / Allies) Turtle_Focker: where im heading lol
(39:13 / Allies) Legendary: the last oasis
(39:13 / Allies) Legendary: lol
(39:20 / All) Legendary: lol wherse ur altar
(39:29 / All) Legendary: yell cant revive his bm! hit him!
(39:44 / Allies) Bumba: well he doesnt have top left
(39:45 / All) WorldsNotEnough: p sure you don't need altar to revive from tavern do you?
(39:47 / All) WailAtTheMoon: It appears that he's tking, I don't see a reason to attack a tker man
(39:58 / All) WorldsNotEnough: Orange started it
(40:09 / All) Legendary: yea yellow ended it
(40:20 / All) Legendary: im just a lowly elf farmer
(40:23 / All) Legendary: minding my wells
(40:31 / All) WailAtTheMoon: so you're a tker pink
(40:40 / All) Bumba: lol
(40:44 / All) Bumba: no i was checking hockey scores
(41:27 / Allies) Turtle_Focker: yellow u almost got me killed lol
(41:43 / Allies) Turtle_Focker: dont tp to me when im running for my life lol
(41:47 / All) Legendary: all right
(41:48 / Allies) Bumba: fail
(41:51 / All) Legendary: fun game
(42:24 / All) WailAtTheMoon: what the fuck is this pathfinding doing
(42:27 / All) WailAtTheMoon: why the hell is my army split
(42:29 / All) WailAtTheMoon: jesus christ
(42:41 / All) Turtle_Focker: nooo
(43:52 / All) Turtle_Focker: can we end this already? lol
(43:55 / All) WailAtTheMoon: yes, leave
(44:29 / All) Turtle_Focker: lol
(44:30 / All) WailAtTheMoon: raped lol
(44:41 / All) Turtle_Focker: do you have a gem or something?
(44:43 / All) WailAtTheMoon: shade
(44:47 / All) Turtle_Focker: ahh
(46:23 / Allies) Turtle_Focker: yellow wtf
(46:26 / Allies) Turtle_Focker: i never did anything to you
(46:29 / Allies) WorldsNotEnough: you enabled orange
(46:34 / Allies) Turtle_Focker: no i didnt
(46:37 / Allies) Turtle_Focker: i told you both to stop
(46:40 / Allies) WorldsNotEnough: you gave him gold
(46:41 / Allies) Turtle_Focker: i never helped him
(46:44 / Allies) Turtle_Focker: no i didnt
(46:47 / Allies) Turtle_Focker: i gave [ink gold
(46:49 / Allies) WorldsNotEnough: he told me in whisper that you did
(46:50 / Allies) Turtle_Focker: pink
(46:54 / Allies) Turtle_Focker: lol
(46:56 / Allies) Turtle_Focker: no he didnt
(46:58 / Allies) Turtle_Focker: your just an idiot
(47:26 / All) Turtle_Focker: yellow im tking you from now on
(47:30 / All) Turtle_Focker: every game
(47:31 / All) Bumba: after this game blue and yellow are going to blow each other
(47:39 / All) WorldsNotEnough: do your worst, tk enabler/tk
(47:50 / All) Turtle_Focker: i didnt enable a tk your autistic fuck
(47:57 / All) WorldsNotEnough: you gave him gold, he told me that you did
(48:05 / All) Turtle_Focker: i didnt you fucking retard
(48:06 / All) WailAtTheMoon: You're a tker pink
(48:08 / All) WailAtTheMoon: I'm reporting you
(48:10 / All) WailAtTheMoon: so are oyu purp
(48:15 / All) Turtle_Focker: Lol
(48:15 / All) WorldsNotEnough: Why should I take your word over his? Enabler?
(48:16 / All) WailAtTheMoon: kiss your cd keys goodbye
(48:17 / Allies) Bumba: both of these homos are in it together
(48:29 / Allies) Bumba: i told u they suck each other off between games
(48:37 / All) Turtle_Focker: ok gg pink
(48:48 / Allies) Bumba: gg
(48:48 / All) Turtle_Focker: blue you only win because is severly autistic
(48:49 / All) WorldsNotEnough: Pink and orange and purple colluded against me
(48:54 / All) WorldsNotEnough: orange told me in whisper
(49:00 / All) WailAtTheMoon: You're an autistic tker trying to spin a tale
(49:06 / All) WorldsNotEnough: Yeah pink
(49:08 / All) WailAtTheMoon: and make it look like your retard rage is someone else's fault
(49:13 / All) WailAtTheMoon: you tked, tard
(49:19 / All) WorldsNotEnough: Pink is an enabler like purple
(49:21 / All) WorldsNotEnough: working with orange
(49:52 / All) WorldsNotEnough: Will you report pink, orange and purple after game?
(49:58 / All) WailAtTheMoon: I will for sure
(50:00 / All) WailAtTheMoon: you should too
(50:02 / All) WailAtTheMoon: double the reports
(50:08 / All) WailAtTheMoon: 2x as likely to ban them all
(50:24 / All) WorldsNotEnough: blizzard rocks imo
(50:33 / All) WorldsNotEnough: got many tks and tk enablers banned before
(50:39 / All) WailAtTheMoon: they have banned every tker I've reported in the past 10+ years
(50:42 / All) WailAtTheMoon: yeah
(50:46 / All) WailAtTheMoon: I love blizzard
(51:07 / All) WailAtTheMoon: there's no entertainment like made by BLIZZARD entertainment
(54:33 / All) WorldsNotEnough: orange lose
(54:38 / All) WorldsNotEnough: he's 7-1
(54:46 / All) WorldsNotEnough: stats your team
(55:08 / All) WailAtTheMoon: Red 178-166
(55:13 / All) WailAtTheMoon: Teal 37-32
(55:19 / All) WailAtTheMoon: green 1-5 LOL
(55:22 / All) WorldsNotEnough: lawl
(55:24 / All) WorldsNotEnough: 7-1 lose